 Dungeon Crawl Stone Soup version 0.31.0-11-ge490571c62 (webtiles) character file.

Game seed: 14494346076644171228

5278 sanka the Basher (level 10, -2/141 HPs)
             Began as a Minotaur Fighter on Jan 30, 2024.
             Was a Priest of the Shining One.
             Succumbed to orange demon's concentrated venom
             ... on level 8 of the Dungeon.
             The game lasted 00:11:30 (8105 turns).

sanka the Basher (Minotaur Fighter)                 Turns: 8105, Time: 00:11:30

Health: -2/141     AC: 10    Str: 20    XL:     10   Next: 36%
Magic:  7/9        EV:  9    Int:  5    God:    the Shining One [***...]
Gold:   607        SH: 17    Dex: 21    Spells: 9/9 levels left

rFire   . . .        a - +0 morningstar
rCold   . . .        c - +0 buckler
rNeg    + . .        b - +0 scale mail
rPois   .            (helmet restricted)
rElec   .            (no cloak)
rCorr   +            k - +0 pair of gloves
SInv    .            (no boots)
Will    .....        w - amulet of reflection Stlth
                     J - ring of resist corrosion
HPRegen 0.43/turn    g - +6 ring of dexterity
MPRegen 0.11/turn

%: reflection
@: berserking (expiring), lethally poisoned (-2 -> -18), divinely shielded,
attractive, slowed, glowing
A: horns 2, retaliatory headbutt
a: Renounce Religion, Divine Shield, Cleansing Flame


You were on level 8 of the Dungeon.
You worshipped the Shining One.
The Shining One was most pleased with you.
You visited 1 branch of the dungeon, and saw 8 of its levels.
You visited the Abyss 1 time.
You also visited: Ossuary.

You collected 607 gold pieces.


Innate Abilities, Weirdness & Mutations

You have a pair of horns on your head.
You reflexively headbutt those who attack you in melee.


   Skills:
 + Level 10.7 Fighting
 - Level 12.0 Maces & Flails
 + Level 10.6 Armour
 - Level 4.0 Shields


You had 9 spell levels left.
You didn't know any spells.
Your spell library contained the following spells:

 Spells                   Type           Power      Damage    Failure   Level
 Sandblast                Erth           0%         2d4       83%         1
 Passwall                 Erth           0%         N/A       99%         3
 Stone Arrow              Conj/Erth      0%         3d7       99%         3
 Anguish                  Hex/Necr       0%         N/A       100%        4
 Animate Armour           Summ/Erth      0%         N/A       100%        4
 Brom's Barrelling Bould  Conj/Erth      0%         2d3       100%        4
 Cause Fear               Hex            0%         N/A       100%        4
 Summon Lightning Spire   Summ/Air       0%         N/A       100%        4
 Lee's Rapid Deconstruct  Erth           0%         3d4*      100%        5
 Enfeeble                 Hex            0%         N/A       100%        7

Inventory:

Hand Weapons
 a - a +0 morningstar (weapon)
 G - a +0 whip of electrocution
 L - a +0 flail
 M - a +2 flail of protection
Armour
 b - a +0 scale mail (worn)
 c - a +0 buckler (worn)
 k - a +0 pair of gloves (worn)
Magical Staves
 f - a staff of alchemy
Jewellery
 g - a +6 ring of dexterity (right hand)
 w - an amulet of reflection (around neck)
 J - a ring of resist corrosion (left hand)
Talismans
 r - a beast talisman
Wands
 m - a wand of roots (32)
 F - a wand of mindburst (12)
 K - a wand of charming (12)
Scrolls
 e - 2 scrolls of revelation {unknown}
 h - a scroll of fear {unknown}
 i - 4 scrolls of teleportation {unknown}
 j - 14 scrolls of identify {unknown}
 p - a scroll of noise {unknown}
 t - 3 scrolls of vulnerability {unknown}
 x - 2 scrolls of enchant armour {unknown}
 y - 3 scrolls of amnesia {unknown}
 C - a scroll of brand weapon {unknown}
 D - a scroll of fog {unknown}
 E - a scroll of poison {unknown}
 H - a scroll of enchant weapon {unknown}
 I - a scroll of immolation {unknown}
Potions
 d - a potion of might
 l - 2 potions of degeneration {unknown}
 n - a potion of enlightenment {unknown}
 o - 2 potions of curing {unknown}
 q - 3 potions of heal wounds {unknown}
 s - a potion of magic {unknown}
 u - 3 potions of attraction {!q}
 v - a potion of lignification {unknown}
 z - 3 potions of berserk rage {!q}
 A - a potion of haste {unknown}
 B - 2 potions of resistance {unknown}

Dungeon Overview and Level Annotations

Branches:
Dungeon (8/15)             Temple (0/1) D:7         Ossuary (visited)
   Lair: D:8-11

Altars:
Cheibriados
Kikubaaqudgha
Nemelex Xobeh
Qazlal
The Shining One

Shops:
D:1 ? D:2

! ▒.▒ ▒. ▒.▒ ▒. ▒.▒
▒6 ▒.▒ ▒. ▒.▒ ▒.
▒.▒ ▒. ▒.▒
▒.▒▒▒▒▒▒▒▒▒▒▒▒▒▒▒.▒
▒.......##4H......▒
▒▒▒▒▒▒▒▒▒▒▒▒▒▒▒▒▒▒▒


You could see an orange demon (curare).


Message History

You puncture Amaemon!
Amaemon is almost dead.
* * * LOW HITPOINT WARNING * * *
You feel extremely sick. The orange demon stings you from afar.
* * * LOW HITPOINT WARNING * * *
You block Amaemon's attack. You block Amaemon's attack.
Amaemon tail-slaps you but does no damage.
You thump Amaemon!
You kill Amaemon!
The Shining One accepts your kill.
* * * LOW HITPOINT WARNING * * *
You feel very sick. You block the orange demon's attack.
The orange demon is attracted toward you.
Unknown command.
Unknown command.
You bludgeon the orange demon!! You headbutt the orange demon.
The orange demon is heavily wounded.
* * * LOW HITPOINT WARNING * * *
You feel very sick. The orange demon stings you.
* * * LOW HITPOINT WARNING * * *
You block the orange demon's attack.
You sock the orange demon! You headbutt the orange demon!
The orange demon is almost dead.
You die...

Action                     |  1- 3 |  4- 6 |  7- 9 | 10-12 || total
---------------------------+-------+-------+-------+-------++-------
  Melee: Flail             |    87 |   117 |   362 |     3 ||   569
         Headbutt          |     8 |    18 |   100 |    13 ||   139
         Whip              |       |       |       |    29 ||    29
         Morningstar       |       |       |       |     7 ||     7
 Invoke: Divine Shield     |       |       |       |     1 ||     1
    Use: Potion            |       |       |       |     2 ||     2
 Armour: Scale mail        |    66 |    85 |   196 |    29 ||   376
  Dodge: Dodged            |    40 |    46 |   100 |    13 ||   199
  Block: Buckler           |    18 |    28 |   173 |    28 ||   247
         Reflection        |       |       |    19 |     2 ||    21

Levels and vault maps discovered:
D:1:      dpeg_arrival_refuge, layout_loops_corners, nicolae_nh_oracle_at_delphi
D:2:      layout_loops_corners, basic_altar, serial_shops,
          nicolae_shop_waterfront, st_stairs_8, uniq_terence, uniq_jessica
D:3:      layout_basic, amcnicky_altar_gilded, palyth_stone_intersect
D:4:      layout_cave_pools, tgw_kikubaaqudgha, uniq_eustachio
D:5:      minmay_goblin_kobold_castle, layout_cave_pools,
          nicolae_ossuary_entry_plus
D:6:      layout_gridville, kennysheep_mini_moat, serial_bayou_pond_e,
          serial_bayou_pond_c
D:7:      layout_loops_ring, nemelex_spade_bored_becter, temple_green,
          grunt_ministairs_9
D:8:      layout_basic, uniq_pikel, uniq_maurice, uniq_amaemon, uniq_maggie

Notes
Turn   | Place    | Note
-------+----------+-------------------------------------------
     0 | D:1      | sanka the Minotaur Fighter began the quest for the Orb.
     0 | D:1      | Reached XP level 1. HP: 19/19 MP: 0/0
   201 | D:1      | Reached skill level 4 in Fighting
   201 | D:1      | Reached skill level 3 in Maces & Flails
   201 | D:1      | Reached XP level 2. HP: 27/27 MP: 1/1
   439 | D:1      | Found The Oracle's Delphic Readings.
   508 | D:1      | Reached skill level 4 in Maces & Flails
   509 | D:1      | Reached XP level 3. HP: 33/33 MP: 2/2
  1383 | D:2      | Noticed Terence
  1391 | D:2      | Killed Terence
  1392 | D:2      | Reached skill level 5 in Maces & Flails
  1392 | D:2      | Reached XP level 4. HP: 19/40 MP: 3/3
  1578 | D:2      | Noticed Jessica
  1588 | Abyss:1  | Cast into level 1 of the Abyss (Jessica)
  1604 | D:2      | Escaped the Abyss
  1606 | D:2      | Killed Jessica
  1690 | D:2      | Found Asixita's Distillery.
  1995 | D:2      | Found a glowing golden altar of the Shining One.
  2019 | D:2      | Became a worshipper of the Shining One
  2279 | D:3      | Reached skill level 6 in Maces & Flails
  2346 | D:3      | Reached XP level 5. HP: 38/46 MP: 4/4
  2433 | D:3      | Found a snail-covered altar of Cheibriados.
  2926 | D:4      | Noticed a phantom
  2927 | D:4      | Found an ancient bone altar of Kikubaaqudgha.
  2927 | D:4      | Noticed a human
  2930 | D:4      | Killed a human
  2944 | D:4      | Killed a phantom
  2945 | D:4      | Reached skill level 7 in Maces & Flails
  2945 | D:4      | Reached XP level 6. HP: 42/52 MP: 5/5
  3027 | D:4      | Reached skill level 8 in Maces & Flails
  3150 | D:4      | Noticed Eustachio
  3186 | D:4      | Killed Eustachio
  3187 | D:4      | Reached skill level 9 in Maces & Flails
  3187 | D:4      | Reached XP level 7. HP: 37/59 MP: 6/6
  3579 | D:5      | Entered Level 5 of the Dungeon
  3678 | D:5      | Reached skill level 10 in Maces & Flails
  3785 | D:5      | Found a sand-covered staircase.
  3793 | Ossuary  | Entered an ossuary
  3804 | Ossuary  | Reached * piety under the Shining One
  3957 | Ossuary  | Reached ** piety under the Shining One
  3965 | Ossuary  | Reached skill level 11 in Maces & Flails
  4050 | Ossuary  | Reached XP level 8. HP: 66/66 MP: 7/7
  4391 | D:5      | Reached skill level 12 in Maces & Flails
  4427 | D:5      | Reached skill level 4 in Armour
  4691 | D:5      | Reached skill level 4 in Shields
  5110 | D:6      | Reached skill level 5 in Fighting
  5223 | D:6      | Reached skill level 5 in Armour
  5414 | D:6      | Reached skill level 6 in Fighting
  5440 | D:6      | Reached skill level 6 in Armour
  5698 | D:6      | Found a stormy altar of Qazlal.
  5996 | D:7      | Reached XP level 9. HP: 63/78 MP: 8/8
  6180 | D:7      | Reached *** piety under the Shining One
  6221 | D:7      | Reached skill level 7 in Fighting
  6251 | D:7      | Reached skill level 7 in Armour
  6357 | D:7      | Found a staircase to the Ecumenical Temple.
  6548 | D:7      | Found a sparkling altar of Nemelex Xobeh.
  6658 | D:7      | Reached skill level 8 in Fighting
  6664 | D:7      | Reached skill level 8 in Armour
  7017 | D:8      | Noticed Pikel
  7026 | D:8      | Killed Pikel
  7027 | D:8      | Reached skill level 9 in Fighting
  7152 | D:8      | Reached skill level 9 in Armour
  7349 | D:8      | HP: 6/81 [wight/+3 halberd (10)]
  7354 | D:8      | HP: 2/79 [wight/+3 halberd (4)]
  7599 | D:8      | Reached XP level 10. HP: 70/86 MP: 9/9
  7779 | D:8      | Identified +0 acid dragon scales
  7779 | D:8      | Noticed Maggie
  7790 | D:8      | Killed Maggie
  7791 | D:8      | Reached skill level 10 in Fighting
  7791 | D:8      | Reached skill level 10 in Armour
  8084 | D:8      | Noticed Amaemon
  8084 | D:8      | Noticed an orange demon
  8102 | D:8      | HP: 11/141 [poisoned by orange demon (concentrated venom)]
  8103 | D:8      | Killed Amaemon
  8104 | D:8      | HP: 2/141 [orange demon[Amaemon] (5)]
  8105 | D:8      | Succumbed to orange demon's concentrated venom

Vanquished Creatures
  Amaemon (D:8)
  Pikel (D:8)
  Maggie (D:8)
  A troll (D:8)
  A wyvern (D:8)
  Eustachio (D:4)
  A steam dragon (D:8)
  A water moccasin (D:6)
  2 sky beasts (D:7)
  2 black bears (D:7)
  4 ogres
  A phantom (D:4)
  2 centaurs (D:8)
  A lemure (D:8)
  A weeping skull (Ossuary)
  2 kobold brigands
  6 bullfrogs
  3 elf zombies (Ossuary)
  A gnoll sergeant (D:7)
  3 scorpions
  4 wights (D:8)
  2 burial acolytes (Ossuary)
  3 killer bees (D:8)
  4 howler monkeys
  A centaur zombie (Ossuary)
  2 hounds
  4 iguanas
  Jessica (D:2)
  2 sleepcaps (D:5)
  Terence (D:2)
  2 hound zombies (Ossuary)
  2 mummies (Ossuary)
  12 adders
  11 gnolls
  A shadow imp (D:5)
  2 white imps
  2 ufetubi (D:6)
  3 dart slugs
  A ribbon worm (D:2)
  12 orcs
  7 endoplasms
  A giant cockroach (D:1)
  5 gnoll zombies (Ossuary)
  38 goblins
  27 hobgoblins
  9 jackals (D:1)
  A quokka (D:1)
  4 ball pythons
  8 bats
  4 frilled lizards
  15 kobolds
  2 orc zombies (Ossuary)
  9 rats
238 creatures vanquished.

Vanquished Creatures (others)
  A human (D:4)
  2 kobolds
3 creatures vanquished.

Grand Total: 241 creatures vanquished
